 Dungeon Crawl Stone Soup version 0.29-a0-344-ge2f44be95a (webtiles) character file.

Game seed: 10105861457590213987

3166 spiderkeys the Fighter (level 9, -1/83 HPs)
             Began as a Ghoul Abyssal Knight on Apr 21, 2022.
             Was an Elder of Lugonu.
             Slain by an unseen horror (7 damage)
             ... on level 7 of the Dungeon.
             The game lasted 00:13:43 (8696 turns).

spiderkeys the Fighter (Ghoul Abyssal Knight)       Turns: 8696, Time: 00:13:44

Health: -1/83      AC: 20    Str: 18 (21) XL:     9   Next: 94%
Magic:  12/13      EV:  6    Int:  2 (5)  God:    Lugonu [****..]
Gold:   315        SH:  0    Dex:  6 (9)  Spells: 8/8 levels left

rFire   . . .      SeeInvis .   y - +0 war axe
rCold   + . .      Faith    .   (no shield)
rNeg    + + +      Spirit   .   i - +0 plate armour rPois โˆž Reflect .
                                x - +0 helmet
rElec   .          Harm     .   b - +0 cloak
rCorr   .          Rampage  .   (no gloves)
Will    .....                   h - +0 pair of boots
Stlth   ..........              A - amulet of the acrobat
HPRegen 0.00/turn               O - +4 ring of protection
MPRegen 0.13/turn               (no ring)

@: inhibited regen, studying Fighting
A: claws 1, cold resistance 1, negative energy resistance 3, inhibited
regeneration, torment resistance 2, devour on kill
a: Renounce Religion, Depart the Abyss, Bend Space, Banish, Corrupt


You were on level 7 of the Dungeon.
You worshipped Lugonu.
Lugonu was greatly pleased with you.
You visited 1 branch of the dungeon, and saw 7 of its levels.
You visited the Abyss 1 time.
You also visited: Sewer.

You collected 315 gold pieces.


Innate Abilities, Weirdness & Mutations

You are immune to poison.
You have sharp fingernails.
Your flesh is cold resistant. (rC+)
You are immune to negative energy. (rN+++)
You do not regenerate when monsters are visible.
You are immune to unholy pain and torment.
You thrive by killing the living.


   Skills:
 + Level 9.3 Fighting
 + Level 6.4 Axes
 + Level 6.4 Armour
 - Level 1.0 Dodging
 + Level 7.6 Invocations


You had 8 spell levels left.
You didn't know any spells.
Your spell library contained the following spells:

 Spells                   Type           Power      Damage    Failure   Level
 Dazzling Flash           Conj/Hex       0%         N/A       100%        3
 Iskenderun's Mystic Bla  Conj/Tloc      0%         2d3       100%        4
 Fireball                 Conj/Fire      0%         3d3       100%        5
 Starburst                Conj/Fire      0%         6d3       100%        6
 Ignition                 Fire           0%         3d3       100%        8

Inventory:

Hand Weapons
 a - a +1 hand axe
 y - a +0 war axe (weapon)
   (You found it on level 7 of the Dungeon)
 z - a +1 hand axe of venom
   (You took it off an orc on level 7 of the Dungeon)
Missiles
 c - 327 stones
 B - 2 throwing nets {=f!f}
 J - 16 poisoned darts
 N - 4 boomerangs of dispersal {=f!f}
 Y - 6 boomerangs
Armour
 b - a +0 cloak (worn)
   (You found it on level 5 of the Dungeon)
 h - a +0 pair of boots (worn)
   (You found it on level 1 of the Dungeon)
 i - a +0 plate armour (worn)
   (You took it off an orc warrior on level 6 of the Dungeon)
 j - a +0 scale mail
   (You found it on level 1 of the Dungeon)
 l - a +0 scale mail
   (You took it off an orc on level 2 of the Dungeon)
 q - a +0 robe
   (You found it on level 2 of the Dungeon)
 v - a +0 scale mail
   (You found it on level 3 of the Dungeon)
 w - a +0 animal skin
   (You took it off Robin on level 3 of the Dungeon)
 x - a +0 helmet (worn)
   (You took it off Robin on level 3 of the Dungeon)
 D - a +0 robe
   (You found it on level 4 of the Dungeon)
 E - a +0 chain mail
   (You took it off an orc on level 5 of the Dungeon)
 G - a +0 chain mail
   (You took it off an orc on level 5 of the Dungeon)
 L - a +0 chain mail
   (You took it off an orc on level 4 of the Dungeon)
 M - a +0 scale mail
   (You took it off an orc on level 5 of the Dungeon)
 Q - a +0 chain mail
   (You found it on level 3 of the Dungeon)
 T - a +0 robe
   (You found it on level 4 of the Dungeon)
 W - a +0 robe
   (You took it off a wight on level 4 of the Dungeon)
 X - a +0 robe
   (You took it off a wight on level 4 of the Dungeon)
 Z - a +0 scale mail
   (You took it off an orc on level 5 of the Dungeon)
Jewellery
 A - an amulet of the acrobat (around neck)
   (You found it on level 4 of the Dungeon)
 O - a +4 ring of protection (left claw)
   (You found it on level 1 of the Dungeon)
Wands
 o - a wand of digging (5)
   (You found it on level 6 of the Dungeon)
 H - a wand of flame (3)
   (You took it off Ijyb on level 4 of the Dungeon)
Scrolls
 e - 2 scrolls of immolation {!r!r}
 g - a scroll of fog
 k - 3 scrolls of enchant weapon
 n - 4 scrolls of magic mapping {!r}
 s - 2 scrolls of summoning
 F - a scroll of brand weapon
 I - a scroll of vulnerability {!r!r}
 P - a scroll of silence {unknown}
 R - a scroll of noise {!r}
 S - a scroll of torment
 V - 2 scrolls of amnesia
Potions
 d - 3 potions of cancellation {unknown}
 f - 4 potions of flight {unknown}
 m - 3 potions of degeneration {!q}
 r - 3 potions of heal wounds {unknown}
 t - 3 potions of haste {unknown}
 u - a potion of mutation {unknown}
 C - 2 potions of magic {unknown}
 K - 2 potions of curing {unknown}
 U - 2 potions of attraction {unknown}

Dungeon Overview and Level Annotations

Branches:
Dungeon (7/15)             Temple (0/1) D:4           Sewer (visited)

Altars:
Dithmenos
Gozag
Kikubaaqudgha
Yredelemnul

Portals:
Abyss: D:3

Annotations:
D:3 2 transporters, Antichthon's ghost, amateur NaWr

..#.....#...
.....##....#
..##.#.....########
......).#..........
...........#####.#####
...........#.#.#.#.#.#
...........##.......## #
.....#.[#..#....###..# .
######.@{..##...#)#.###.
#........##.##.ยง..#
####..##.#[#...####
#..#..###....#
#..##.......##
...#.#[#.#.#.#
##..#####.##### #
.............###
.............#..


There were no monsters in sight!


Message History

You miss something.
Something hits you but does no damage. x2
You closely miss something. Something completely misses you.
You closely miss something. Something hits you but does no damage.
Something hits you. ๐Ÿ˜• HP[-1]
You take 1 damage, and now have 71/83 hp.
You hit something. Something hits you! Something hits you. ๐Ÿ˜ฎ HP[-13]
You take 13 damage, and now have 58/83 hp.
You miss something. Something hits you but does no damage.
Something hits you. ๐Ÿ˜ฎ HP[-2]
You take 2 damage, and now have 56/83 hp.
You closely miss something. Something hits you.
Something hits you but does no damage. x2 ๐Ÿ˜ฎ HP[-4]
You take 4 damage, and now have 52/83 hp.
You barely miss something. Something hits you. ๐Ÿ˜ฎ HP[-1]
You take 1 damage, and now have 51/83 hp.
You closely miss something. Something hits you but does no damage.
Something hits you but does no damage. x2
You closely miss something.
Something hits you but does no damage. x2
You slash something! Something completely misses you.
Something hits you but does no damage.
You closely miss something. Something hits you.
Something hits you but does no damage. ๐Ÿ˜ฎ HP[-3]
You take 3 damage, and now have 48/83 hp.
You barely miss something. Something hits you but does no damage.
Something hits you but does no damage. Something hits you but does no damage.
You barely miss something.
Something hits you but does no damage. x2
Something hits you. ๐Ÿ˜ฎ HP[-3]
You take 3 damage, and now have 45/83 hp.
You hit something. Something hits you. x2 ๐Ÿ˜ฎ HP[-3]
You take 3 damage, and now have 42/83 hp.
You miss something. Something hits you.
* * * LOW HITPOINT WARNING * * *
Something completely misses you.
Something hits you but does no damage. ๐Ÿ˜จ HP[-5]
You take 5 damage, and now have 37/83 hp.
You hit something.
Something hits you but does no damage. x2
You slash something! Something hits you but does no damage.
You barely miss something. Something hits you!
* * * LOW HITPOINT WARNING * * *
Something hits you but does no damage. x2 ๐Ÿ˜จ HP[-7]
You take 7 damage, and now have 30/83 hp.
You hit something but do no damage. Something hits you.
* * * LOW HITPOINT WARNING * * *
๐Ÿ˜จ HP[-3]
You take 3 damage, and now have 27/83 hp.
You barely miss something. Something hits you but does no damage.
Something hits you.
* * * LOW HITPOINT WARNING * * *
Something hits you but does no damage. ๐Ÿ˜จ HP[-2]
You take 2 damage, and now have 25/83 hp.
Really read
p - a scroll of blinking {!r}?
Blink to where?
Press: ? - help, Dir - move target
As you read the scroll of blinking {!r}, it crumbles to dust.
Saving game... please wait. ๐Ÿค– Initializing magus.rc ...
Options error: Bad monster_list_colour key: strict_neutral (~/.crawlrc:5438) โœ… Successfully initialized magus.rc [v1.11.3] Welcome back, spiderkeys the Ghoul Abyssal Knight.
Lugonu says: Spread carnage and corruption!
Press ? for a list of commands and other information.
Something hits you.
* * * LOW HITPOINT WARNING * * *
Deactivating autopickup; reactivate with Ctrl-A.
Something hits you.
* * * LOW HITPOINT WARNING * * *
๐Ÿ˜ฑ HP[-11]
You take 11 damage, and now have 14/83 hp.
Something barely misses you. Something hits you!
* * * LOW HITPOINT WARNING * * *
๐Ÿ˜ฑ HP[-7]
You take 7 damage, and now have 7/83 hp.
Okay, then.
Okay, then.
Okay, then.
Space bends violently around you!
You blink. ๐Ÿ˜ฑ HP[-1] MP[-1]
You take 1 damage, and now have 6/83 hp.
You lost 1 mp, and now have 12/13 mp.
Unknown command.
Things that are here:
a +0 robe; a +0 short sword Something closely misses you. x2
There is a stone staircase leading up here.
It was a potion of degeneration.
There was something very wrong with that liquid.
You feel weakened.
You feel dopey.
You feel clumsy. Something hits you but does no damage. Something hits you!
You die...

Skill      XL: |  1  2  3  4  5  6  7  8  9 |
---------------+----------------------------+-----
Dodging        | 1 |  1.0
Axes           | 2 3 4 5 6 |  6.4
Armour         | 2 3 4 5 6 |  6.4
Fighting       | 4 5 7 9 |  9.3
Invocations    | 3 4 5 6 7 |  7.6

Action                   |  1- 3 |  4- 6 |  7- 9 || total
-------------------------+-------+-------+-------++-------
Melee: Hand axe          |   119 |   152 |   595 ||   866
       Punch             |     1 |     1 |    16 ||    18
       War axe           |       |       |    23 ||    23
Invok: Banish            |       |     2 |     2 ||     4
       Bend Space        |       |       |     6 ||     6
Evoke: Wand              |       |       |    12 ||    12
  Use: Scroll            |       |     5 |    10 ||    15
       Potion            |       |       |     1 ||     1
Armor: Leather armour    |    15 |       |       ||    15
       Scale mail        |    36 |    59 |       ||    95
       Chain mail        |       |    43 |   326 ||   369
       Plate armour      |       |       |   225 ||   225
Dodge: Dodged            |    62 |    73 |   268 ||   403

Levels and vault maps discovered:
D:1:      erik_arrival_orb_chamber, layout_basic
D:2:      layout_loops_ring, serial_bayou, serial_bayou_lake_a,
          serial_bayou_ford_a, serial_bayou_pond_c, serial_bayou_pond_b,
          minmay_indecisive_spiral
D:3:      layout_loops_ring, cheibrodos_sewer_entry_sluice,
          gammafunk_ghost_abyssal_escape, grunt_decor_fettered, kennysheep_nub,
          chequers_big_river, uniq_robin
D:4:      layout_basic, lemuel_mausoleum_altar_kikubaaqudgha,
          minmay_temple_entry_trees, kennysheep_generic_room_12, uniq_ijyb
D:5:      layout_basic, grunt_gozag_breadcrumbs, nicolae_overflow_hidden_temple,
          minivault_4, lexackson_kobold_supper
D:6:      kennysheep_kobold_camp, layout_cave_pools
D:7:      minmay_the_grid_plus [minmay_the_grid_tiny_cups,
          minmay_the_grid_doors, minmay_the_grid_stretched_grid,
          minmay_the_grid_medium_cups, minmay_the_grid_prize_big_room],
          layout_basic, uniq_duvessa

Notes
Turn   | Place    | Note
-------+----------+-------------------------------------------
     0 | Abyss:1  | spiderkeys the Ghoul Abyssal Knight began the quest for the
                  | Orb.
     0 | Abyss:1  | Reached XP level 1. HP: 19/19 MP: 1/1
     0 | Abyss:1  | magus.rc [v1.11.3]
    29 | D:1      | You pass through the gate.
    29 | D:1      | Escaped the Abyss
    75 | D:1      | Reached skill level 1 in Dodging
   174 | D:1      | Reached XP level 2. HP: 12/26 MP: 2/2
   407 | D:1      | Reached skill level 2 in Axes
   407 | D:1      | Reached skill level 2 in Armour
   812 | D:1      | Reached XP level 3. HP: 31/33 MP: 3/3
  1241 | D:2      | Reached *** piety under Lugonu
  1530 | D:2      | Reached XP level 4. HP: 34/40 MP: 3/5
  1611 | D:2      | Identified the +0 pair of boots of an ice cave {*Slow rN+++
                  | Int-3 SInv}
  1964 | D:3      | Reached skill level 4 in Fighting
  1971 | D:3      | Found a glowing drain.
  2159 | Sewer    | Entered a sewer
  2236 | Sewer    | Noticed a water moccasin
  2244 | Sewer    | Banished a water moccasin
  2245 | Sewer    | Reached skill level 3 in Armour
  2245 | Sewer    | Reached skill level 3 in Invocations
  2245 | Sewer    | Reached XP level 5. HP: 30/47 MP: 1/6
  2360 | Sewer    | You pick up a book of Spectacle and begin reading...
  2360 | Sewer    | You add the spells Dazzling Flash, Iskenderun's Mystic
                  | Blast and Starburst to your library.
  2495 | D:3      | Reached skill level 3 in Axes
  2524 | D:3      | Noticed an ogre
  2526 | D:3      | Banished an ogre
  2527 | D:3      | Reached XP level 6. HP: 53/53 MP: 2/7
  2777 | D:3      | Noticed Robin
  2819 | D:3      | Killed Robin
  2888 | D:3      | Noticed a small abomination
  2901 | D:3      | Found a transporter.
  2921 | D:3      | Found a transporter.
  2938 | D:3      | Found a one-way gate to the infinite horrors of the Abyss.
  2938 | D:3      | Noticed Antichthon's ghost (amateur NaWr)
  3400 | D:4      | Reached skill level 4 in Invocations
  3447 | D:4      | Noticed Ijyb
  3465 | D:4      | Killed Ijyb
  3466 | D:4      | Reached skill level 5 in Fighting
  3728 | D:4      | Reached XP level 7. HP: 61/61 MP: 9/9
  3798 | D:4      | Found a staircase to the Ecumenical Temple.
  4183 | D:4      | Reached skill level 4 in Axes
  4183 | D:4      | Reached skill level 4 in Armour
  4272 | D:4      | HP: 15/61 [wight/+0 flail of venom (4)]
  4604 | D:4      | Reached skill level 5 in Invocations
  4655 | D:4      | Found an ancient bone altar of Kikubaaqudgha.
  4662 | D:4      | Reached XP level 8. HP: 64/70 MP: 10/10
  4721 | D:4      | Reached **** piety under Lugonu
  4772 | D:5      | Entered Level 5 of the Dungeon
  4809 | D:5      | Reached skill level 6 in Fighting
  4903 | D:5      | Found a basalt altar of Yredelemnul.
  5327 | D:5      | Found an opulent altar of Gozag.
  5735 | D:5      | Found a shadowy altar of Dithmenos.
  5869 | D:5      | Reached skill level 5 in Axes
  5869 | D:5      | Reached skill level 5 in Armour
  6136 | D:6      | Reached skill level 6 in Invocations
  6276 | D:6      | Identified a scroll of acquirement
  6277 | D:6      | Acquired a manual of Fighting
  6284 | D:6      | You pick up a book of Fire and begin reading...
  6284 | D:6      | You add the spells Fireball and Ignition to your library.
  6432 | D:6      | Reached skill level 7 in Fighting
  6432 | D:6      | Reached XP level 9. HP: 65/79 MP: 12/12
  7019 | D:7      | Noticed Duvessa
  7125 | D:7      | Noticed Dowan
  7620 | D:7      | Killed Dowan
  7642 | D:7      | Killed Duvessa
  7643 | D:7      | Reached skill level 8 in Fighting
  7960 | D:7      | Reached skill level 7 in Invocations
  8099 | D:7      | Noticed a troll
  8102 | D:7      | Noticed a komodo dragon
  8105 | D:7      | Noticed a troll
  8281 | D:7      | Reached skill level 6 in Armour
  8287 | D:6      | Reached ***** piety under Lugonu
  8287 | D:6      | Banished a troll
  8288 | D:6      | Reached skill level 6 in Axes
  8320 | D:6      | Banished a troll
  8321 | D:6      | Reached skill level 9 in Fighting
  8690 | D:7      | Upgraded the game from 0.29-a0-341-g24ffce5b50 to
                  | 0.29-a0-344-ge2f44be95a
  8690 | D:7      | magus.rc [v1.11.3]
  8691 | D:7      | HP: 19/83 [something (6)]
  8692 | D:7      | HP: 7/83 [something (7)]
  8696 | D:7      | Slain by an unseen horror

Vanquished Creatures
  A vampire mosquito (D:7)
  Duvessa (D:7)
  An ice beast (D:6)
  An orc warrior (D:6)
  A black bear (D:7)
  2 sky beasts
  2 phantoms
  2 centaurs (D:6)
  2 kobold brigands
  4 necrophages (D:4)
  2 scorpions (D:6)
  3 wights
  Dowan (D:7)
  2 howler monkeys
  A centaur zombie (D:4)
  3 hounds
  A human zombie (D:4)
  3 orc priests
  3 jellies
  3 orc wizards
  A scorpion zombie (D:4)
  Ijyb (D:4)
  2 iguanas
  A hound zombie (D:4)
  Robin (D:3)
  A howler monkey zombie (D:4)
  A gnoll (D:1)
  7 adders
  A white imp (D:7)
  An adder zombie (D:4)
  2 worms
  3 dart slugs
  19 orcs
  9 ball pythons
  2 endoplasms (D:1)
  3 giant cockroaches
  17 goblins
  11 hobgoblins
  2 jackals (Sewer)
  29 kobolds
  2 quokkas (D:1)
  3 bats (D:2)
  4 frilled lizards
  6 rats
168 creatures vanquished.

Vanquished Creatures (others)
  88 plants
88 creatures vanquished.

Grand Total: 256 creatures vanquished

Table legend:
 A = Non-vault XP
 B = Vault XP
 C = Vault XP percentage of total XP
 D = Non-vault monster count
 E = Vault monster count
 F = Vault count percentage of total count
                 A         B        C        D         E       F
            +---------+---------+-------+---------+---------+-------
      Total |    1895 |    2628 |  58.1 |      89 |      83 |  48.3
            +---------+---------+-------+---------+---------+-------
        D:1 |      56 |       0 |   0.0 |      24 |       0 |   0.0
        D:2 |      13 |      23 |  63.9 |       8 |       9 |  52.9
        D:3 |     172 |      49 |  22.2 |       8 |      16 |  66.7
        D:4 |     118 |     697 |  85.5 |      11 |      14 |  56.0
        D:5 |     575 |     103 |  15.2 |      21 |       8 |  27.6
        D:6 |     911 |     893 |  49.5 |      15 |      25 |  62.5
        D:7 |      50 |     712 |  93.4 |       2 |       8 |  80.0
      Sewer |       0 |     151 | 100.0 |       0 |       3 | 100.0
            +---------+---------+-------+---------+---------+-------

Illustrated notes

Table legend:
 A = Kills in this place as a percentage of kills in entire the game.
 B = Kills by you in this place as a percentage of kills by you in the entire game.
 C = Kills by friends in this place as a percentage of kills by friends in the entire game.
 D = Other kills in this place as a percentage of other kills in the entire game.
 E = Experience gained in this place as a percentage of experience gained in the entire game.
 F = Experience gained in this place divided by the number of levels of this place that you have seen.
                   A       B       C       D       E      F
               +-------+-------+-------+-------+-------+----------------------
         Total | 100.0 | 100.0 |   N/A | 100.0 | 100.0 | 502.6
       Dungeon |  98.3 |  98.8 |   N/A |  75.0 |  96.7 | 624.6
         Sewer |   1.7 |   1.2 |   N/A |  25.0 |   3.3 | 151.0
               +-------+-------+-------+-------+-------+----------------------

Table legend: (Time is in decaauts)
 A = Elapsed time spent in this place.
 B = Non-inter-level travel time spent in this place.
 C = Inter-level travel time spent in this place.
 D = Time resting spent in this place.
 E = Time spent auto-exploring this place.
 F = Levels seen in this place.
 G = Mean time per level.
                   A        B        C        D        E       F      G
               +--------+--------+--------+--------+--------+-----+--------+
         Total |   8854 |   8682 |    172 |   1857 |   4975 |   9 |  983.8 |
       Dungeon |   8566 |   8394 |    172 |   1808 |   4820 |   7 | 1223.7 |
         Abyss |     29 |     29 |      0 |      0 |      2 |   1 |   29.0 |
         Sewer |    258 |    258 |      0 |     49 |    153 |   1 |  258.0 |
               +--------+--------+--------+--------+--------+-----+--------+

Top non-repeatable levels by time:
     D:6: 1817 daAuts
     D:4: 1476 daAuts
     D:5: 1352 daAuts
     D:3: 1183 daAuts
     D:1: 1034 daAuts
     D:2: 922 daAuts
     D:7: 781 daAuts
   Sewer: 258 daAuts
 Abyss:1: 29 daAuts
